 Dungeon Crawl Stone Soup version 0.27-a0-1287-gca74d27db6 (webtiles) character file.

Game seed: 3845091763418590862

13951 lunkers the Destroyer (level 11, -3/64 HPs)
             Began as a Deep Elf Air Elementalist on June 14, 2021.
             Was a Priest of Vehumet.
             Slain by a six-headed hydra (11 damage)
             ... on level 1 of the Lair of Beasts.
             The game lasted 00:25:36 (16905 turns).

lunkers the Destroyer (Deep Elf Air Elementalist)  Turns: 16905, Time: 00:25:38

Health: -3/64      AC:  7    Str:  5    XL:     11   Next: 82%
Magic:  5/27       EV: 15    Int: 30    God:    Vehumet [***...]
Gold:   956        SH:  7    Dex: 15    Spells: 16/31 levels left

rFire    . . .     SeeInvis .   t - +2 dagger (venom)
rCold    . . .     Faith    .   v - +2 buckler
rNeg     . . .     Spirit   .   F - +0 troll leather armour
rPois    .         Reflect  .   j - +0 helmet
rElec    .         Harm     .   C - +0 cloak
rCorr    .         Rampage  .   x - +0 pair of gloves
Will     +....                  (no boots)
Stlth    ++........             N - amulet of magic regeneration
HPRegen  1.20/turn              i - +6 ring of intelligence
MPRegen  0.45/turn              L - +4 ring of evasion

@: no status effects
A: no striking features
a: Renounce Religion


You were on level 1 of the Lair of Beasts.
You worshipped Vehumet.
Vehumet was most pleased with you.
You visited 3 branches of the dungeon, and saw 14 of its levels.
You also visited: Ossuary.

You collected 956 gold pieces.

Inventory:

Hand Weapons
 t - a +2 dagger of venom (weapon)
Missiles
 O - 3 throwing nets
Armour
 j - a +0 helmet (worn)
 v - a +2 buckler (worn)
 x - a +0 pair of gloves (worn)
 C - a +0 cloak (worn)
 E - a +2 robe of cold resistance
 F - a +0 troll leather armour (worn)
Jewellery
 i - a +6 ring of intelligence (left hand)
 y - an amulet of faith
 B - a ring of resist corrosion
 L - a +4 ring of evasion (right hand)
 N - an amulet of magic regeneration (around neck)
Wands
 a - a wand of acid (21)
 n - a wand of polymorph (12)
 q - a wand of flame (39)
 J - a wand of iceblast (13)
Scrolls
 b - 2 scrolls of immolation
 c - 4 scrolls of enchant weapon
 d - 8 scrolls of teleportation {unknown}
 e - 4 scrolls of fear {unknown}
 h - a scroll of silence {unknown}
 l - 4 scrolls of amnesia
 p - 3 scrolls of vulnerability {unknown}
 s - 3 scrolls of summoning {unknown}
 A - 2 scrolls of fog {unknown}
 G - 2 scrolls of magic mapping {unknown}
 H - a scroll of enchant armour {unknown}
 K - a scroll of noise {unknown}
 M - a scroll of blinking {unknown}
 P - 2 scrolls of identify
Potions
 f - a potion of flight
 g - a potion of haste
 k - 2 potions of might
 m - a potion of mutation
 o - 4 potions of brilliance
 r - a potion of resistance {unknown}
 u - 3 potions of heal wounds
 w - 3 potions of lignification
 z - a potion of magic {unknown}
 D - a potion of cancellation {unknown}
 I - 3 potions of curing {unknown}
 Q - 3 potions of invisibility {unknown}
 R - a potion of degeneration {unknown}


   Skills:
 + Level 5.3 Fighting
 - Level 2.4 Dodging
 - Level 2.4 Stealth
 - Level 4.0 Shields
 + Level 10.5 Spellcasting
 * Level 11.9 Conjurations
 * Level 11.3 Air Magic


You had 16 spell levels left.
You knew the following spells:

 Your Spells              Type           Power      Damage    Failure   Level
a - Airstrike             Air            35%        N/A       1%          4
b - Static Discharge      Conj/Air       72%        N/A       1%          2
c - Swiftness             Air            71%        N/A       1%          3
d - Shock                 Conj/Air       100%       1d9       1%          1
e - Lightning Bolt        Conj/Air       36%        1d54      1%          5

Your spell library contained the following spells:

 Spells                   Type           Power      Damage    Failure   Level
 Stone Arrow              Conj/Erth      100%       3d13      1%          3
 Magic Dart               Conj           100%       1d8       1%          1
 Searing Ray              Conj           100%       3d7       1%          2
 Dazzling Flash           Conj/Hex       100%       N/A       1%          3
 Fulminant Prism          Conj/Hex       25%        3d14      1%          4
 Iskenderun's Mystic Bla  Conj/Tloc      51%        2d11      1%          4
 Beastly Appendage        Tmut           30%        N/A       5%          1
 Wereblood                Tmut           15%        N/A       9%          2
 Spider Form              Tmut/Pois      7%         N/A       17%         3
 Ice Form                 Ice/Tmut       15%        N/A       50%         4


Dungeon Overview and Level Annotations

Branches:
Dungeon (12/15)            Temple (1/1) D:4            Lair (1/6) D:11
    Orc (0/2) D:12        Ossuary (visited)

Altars:
Ashenzari
Cheibriados
Dithmenos
Elyvilon
Fedhas
Gozag
Hepliaklqana
Kikubaaqudgha
Makhleb
Nemelex Xobeh
Okawaru
Qazlal
Ru
Sif Muna
Trog
Uskayaw
Vehumet
Wu Jian
Xom
Yredelemnul
Zin
The Shining One
Beogh

Shops:
D:1 *   D:6 !


Message History

The six-headed hydra closely misses you.
The six-headed hydra misses you. x2
You block the six-headed hydra's attack.
The six-headed hydra bites you!
Unknown command.
Unknown command.
Casting: Lightning Bolt (dangerous; 1% risk of failure)
Confirm with . or Enter, or press ? or * to list all spells.
Aiming: Lightning Bolt (dangerous; 1% risk of failure)
Press: ? - help, Shift-Dir - straight line, f/p - six-headed hydra
Aim: a six-headed hydra (severely wounded, 88% to hit)
You hear a mighty clap of thunder!
The bolt of lightning hits the six-headed hydra.
The six-headed hydra is almost dead.
The six-headed hydra bites you!
* * * LOW HITPOINT WARNING * * *
The six-headed hydra bites you!
* * * LOW HITPOINT WARNING * * *
The six-headed hydra bites you but does no damage. x2
The six-headed hydra barely misses you. The six-headed hydra bites you!
* * * LOW HITPOINT WARNING * * *
Unknown command.
Unknown command.
Unknown command.
Casting: Lightning Bolt (dangerous; 1% risk of failure)
Confirm with . or Enter, or press ? or * to list all spells.
Aiming: Lightning Bolt (dangerous; 1% risk of failure)
Press: ? - help, Shift-Dir - straight line, f/p - six-headed hydra
Aim: a six-headed hydra (almost dead, 88% to hit)
You hear a mighty clap of thunder!
The bolt of lightning hits the six-headed hydra!
The six-headed hydra is almost dead.
* * * LOW MAGIC WARNING * * *
You block the six-headed hydra's attack.
The six-headed hydra bites you.
* * * LOW HITPOINT WARNING * * *
The six-headed hydra bites you but does no damage.
The six-headed hydra completely misses you.
The six-headed hydra bites you!
You die...

...# #... #..# #. #..# P. #.†# #.
# #..## #† P.#...## ### ### #.
.....#.###.##########.##########.
...............D@................
.................................
....##P########P#.####..##.##.##.
.... ### ##### ###########. #...
##. .... ##.. #... #######.#. #.
.......... ..>.......


You could see a six-headed hydra.

Vanquished Creatures
  3 two-headed ogres
  A manticore (D:11)
  3 slime creatures (D:12)
  A cyclops (D:12)
  Maggie (D:6)
  Psyche (D:8)
  2 kobold demonologists (D:11)
  A komodo dragon (D:11)
  4 trolls
  A merfolk (D:11)
  Grinder (D:6)
  A hornet (D:7)
  2 vampires
  A wraith (D:11)
  10 yaks
  A wyvern (D:10)
  10 vampire mosquitoes
  2 steam dragons
  An acid dragon (D:12)
  4 water moccasins
  Duvessa (D:7)
  2 sky beasts
  2 ice beasts
  2 orc warriors
  2 necrophages
  5 ogres
  5 centaurs
  A kobold brigand (D:11)
  An elf zombie (Ossuary)
  A wyvern zombie (D:6)
  4 scorpions
  2 bullfrogs (Lair:1)
  A gnoll sergeant (D:6)
  Dowan (D:7)
  A water moccasin skeleton (D:5)
  4 killer bees (D:7)
  A wight (D:8)
  2 bullfrog zombies
  2 centaur zombies
  2 human zombies (Ossuary)
  A gnoll shaman (D:4)
  9 orc priests
  Ijyb (D:4)
  A jelly (D:5)
  Jessica (D:3)
  7 orc wizards
  A hound skeleton (D:4)
  2 mummies (Ossuary)
  A howler monkey zombie (D:8)
  Robin (D:3)
  12 gnolls
  3 howler monkey skeletons
  6 adders
  A shadow imp (D:6)
  2 ufetubi (D:5)
  2 adder skeletons (D:4)
  3 worms
  2 dart slugs
  34 orcs
  6 endoplasms
  A giant cockroach (D:1)
  2 gnoll zombies (Ossuary)
  12 goblins
  11 hobgoblins
  3 jackals (D:3)
  2 quokkas
  7 ball pythons
  5 bats
  9 frilled lizards
  4 goblin zombies (Ossuary)
  3 hobgoblin zombies (Ossuary)
  10 kobolds
  2 orc zombies (Ossuary)
  4 rats (D:1)
264 creatures vanquished.

Vanquished Creatures (others)
  6 plants (D:11)
6 creatures vanquished.

Grand Total: 270 creatures vanquished

Notes
Turn   | Place    | Note
-------+----------+-------------------------------------------
     0 | D:1      | lunkers the Deep Elf Air Elementalist began the quest for
                  | the Orb.
     0 | D:1      | Reached XP level 1. HP: 10/10 MP: 6/6
   148 | D:1      | Reached XP level 2. HP: 15/15 MP: 2/8
   710 | D:1      | Found Rack's Assorted Antiques.
   919 | D:1      | Reached XP level 3. HP: 19/19 MP: 5/9
  1427 | D:2      | Found a faded altar of an unknown god.
  1752 | D:2      | You fall into a shaft and drop 1 floor!
  1819 | D:3      | Noticed Robin
  1821 | D:3      | Killed Robin
  1822 | D:3      | Reached XP level 4. HP: 24/24 MP: 6/11
  1972 | D:3      | Learned a level 2 spell: Static Discharge
  1976 | D:3      | Learned a level 3 spell: Swiftness
  2110 | D:3      | Reached XP level 5. HP: 28/28 MP: 6/13
  2789 | D:3      | Found a glowing golden altar of the Shining One.
  2911 | D:3      | Noticed Jessica
  2917 | D:3      | Killed Jessica
  2970 | D:3      | Reached XP level 6. HP: 32/32 MP: 10/14
  2999 | D:3      | Reached skill level 5 in Air Magic
  3772 | D:4      | Learned a level 4 spell: Airstrike
  3772 | D:4      | Found a sand-covered staircase.
  3788 | Ossuary  | Entered an ossuary
  4075 | Ossuary  | Reached skill level 5 in Spellcasting
  4300 | Ossuary  | Reached skill level 5 in Conjurations
  4830 | D:4      | Noticed Ijyb
  4833 | D:4      | Killed Ijyb
  4834 | D:4      | Reached XP level 7. HP: 25/36 MP: 3/16
  5168 | D:4      | Found a staircase to the Ecumenical Temple.
  5208 | Temple   | Entered the Ecumenical Temple
  5416 | Temple   | Became a worshipper of Vehumet
  5825 | D:5      | Entered Level 5 of the Dungeon
  6774 | D:5      | Reached XP level 8. HP: 16/41 MP: 12/19
  7008 | D:5      | Learned a level 5 spell: Lightning Bolt
  7342 | D:5      | Reached * piety under Vehumet
  7342 | D:5      | Offered knowledge of Freeze by Vehumet.
  7344 | D:5      | Reached skill level 1 in Shields
  7979 | D:6      | Found a white marble altar of Elyvilon.
  7979 | D:6      | Found a bloodstained altar of Trog.
  7979 | D:6      | Found a sacrificial altar of Ru.
  7981 | D:6      | Found a blossoming altar of Fedhas.
  7981 | D:6      | Found a shadowy altar of Dithmenos.
  7991 | D:6      | Noticed Maggie
  7996 | D:6      | Killed Maggie
  7997 | D:6      | Reached skill level 1 in Fighting
  8437 | D:6      | Noticed Grinder
  8444 | D:6      | Killed Grinder
  8445 | D:6      | Reached XP level 9. HP: 48/48 MP: 7/21
  8496 | D:6      | Noticed a two-headed ogre
  8527 | D:6      | Killed a two-headed ogre
  9141 | D:6      | Found a stormy altar of Qazlal.
  9348 | D:6      | Found Ivuekheilu's Distillery.
 10103 | D:7      | Noticed Dowan
 10123 | D:7      | Noticed Duvessa
 10137 | D:7      | Killed Duvessa
 10188 | D:7      | Killed Dowan
 10295 | D:7      | Reached XP level 10. HP: 56/56 MP: 19/24
 10865 | D:8      | Noticed Maurice
 10867 | D:8      | Noticed Maurice
 10867 | D:8      | Maurice changed into Maurice the sky beast
 10870 | D:8      | Killed Maurice the sky beast
 11501 | D:8      | Reached ** piety under Vehumet
 11601 | D:8      | Offered knowledge of Foxfire by Vehumet.
 11802 | D:8      | Noticed Psyche
 11806 | D:8      | Killed Psyche
 12176 | D:9      | Found an ancient bone altar of Kikubaaqudgha.
 12562 | D:8      | Reached skill level 10 in Conjurations
 13166 | D:10     | Entered Level 10 of the Dungeon
 13480 | D:10     | Reached skill level 10 in Air Magic
 13846 | D:10     | Noticed a two-headed ogre
 13852 | D:10     | Killed a two-headed ogre
 14004 | D:11     | Noticed a two-headed ogre
 14008 | D:11     | Killed a two-headed ogre
 14009 | D:11     | Reached XP level 11. HP: 62/62 MP: 13/26
 14086 | D:11     | Noticed a soul eater
 14096 | D:11     | Noticed a sixfirhy
 14099 | D:11     | Noticed a sixfirhy
 14517 | D:11     | Found a staircase to the Lair.
 14888 | D:11     | Reached skill level 10 in Spellcasting
 15764 | D:12     | Offered knowledge of Stone Arrow by Vehumet.
 15765 | D:12     | Reached skill level 5 in Fighting
 16254 | D:12     | Found a staircase to the Orcish Mines.
 16267 | D:12     | Reached *** piety under Vehumet
 16788 | Lair:1   | Entered Level 1 of the Lair of Beasts
 16886 | Lair:1   | Noticed a six-headed hydra
 16905 | Lair:1   | Slain by a six-headed hydra

Illustrated notes

Levels and vault maps discovered:
D:1:      nzn_arrival_water_spiral, layout_loops_ring, serial_shops,
          nicolae_shop_overgrown_old_shop, chequers_serial_rivers_micro_e
D:2:      layout_rooms, shapermc_ecumenical_altar_notcrosses
D:3:      layout_loops_corners, nicolae_tso_carved_into_rock, uniq_robin,
          uniq_jessica
D:4:      layout_rooms, minmay_temple_entry_large_hall,
          nicolae_ossuary_entry_ruins, st_stairs_12, uniq_ijyb
D:5:      layout_cave_pools, hangedman_decor_slide_cut,
          minmay_fractal_squares_diagonal_5
D:6:      layout_loops_ring, marbit_many_paths, grunt_temple_overflow_open,
          serial_shops, kennysheep_mini_moat, uniq_grinder, uniq_maggie
D:7:      layout_loops_ring, uniq_duvessa
D:8:      layout_loops_ring, minmay_misc_feat_columns, nrook_mini_backslash,
          minmay_between, uniq_psyche, uniq_maurice
D:9:      lemuel_ice_spiral_2, layout_basic, nicolae_kikubaaqudgha_miasma_corner
D:10:     layout_long_grid
D:11:     layout_roguey, david_lair_shrubbed, hex_intersection,
          hangedman_fish_farm
D:12:     layout_loops_corners, minmay_orc_entry_temple_small
Temple:   eino_narrow_crystal_temple
Lair:1:   layout_long_grid, infiniplex_staircase_pool_2, uniq_urug

Skill      XL: |  1  2  3  4  5  6  7  8  9 10 11 |
---------------+----------------------------------+-----
Conjurations   | 2 3 4 5 6 7 9 10 11 | 11.9
Air Magic      | 4 5 6 7 9 10 11 | 11.3
Spellcasting   | 4 5 6 7 8 9 10 | 10.5
Shields        | 1 3 4 |  4.0
Fighting       | 1 3 4 5 |  5.3
Dodging        | |  2.4
Stealth        | |  2.4

Action                   |  1- 3 |  4- 6 |  7- 9 | 10-12 || total
-------------------------+-------+-------+-------+-------++-------
Melee: Unarmed           |     1 |     1 |       |       ||     2
       Dagger            |       |    14 |    24 |    23 ||    61
 Cast: Shock             |    93 |   102 |     9 |     2 ||   206
       Static Discharge  |       |    22 |    28 |     5 ||    55
       Airstrike         |       |     9 |    87 |   141 ||   237
       Lightning Bolt    |       |       |     4 |    31 ||    35
Evoke: Wand              |       |       |    11 |     4 ||    15
  Use: Potion            |       |     1 |       |       ||     1
       Scroll            |       |       |     5 |     4 ||     9
Armor: Robe              |     1 |     9 |     7 |     2 ||    19
       Troll leather arm |       |       |       |    20 ||    20
Dodge: Dodged            |     6 |    19 |    36 |    41 ||   102
Block: Buckler           |       |       |    11 |    31 ||    42

Table legend: (Time is in decaauts)
 A = Elapsed time spent in this place.
 B = Non-inter-level travel time spent in this place.
 C = Inter-level travel time spent in this place.
 D = Time resting spent in this place.
 E = Time spent auto-exploring this place.
 F = Levels seen in this place.
 G = Mean time per level.
                   A        B        C        D        E       F      G
               +--------+--------+--------+--------+--------+-----+--------+
         Total |  16916 |  16519 |    397 |   2404 |  12399 |  15 | 1127.7 |
       Dungeon |  15635 |  15253 |    382 |   2094 |  11626 |  12 | 1302.9 |
        Temple |    214 |    200 |     14 |      0 |    193 |   1 |  214.0 |
          Lair |    118 |    118 |      0 |      0 |     87 |   1 |  118.0 |
       Ossuary |    947 |    947 |      0 |    310 |    492 |   1 |  947.0 |
               +--------+--------+--------+--------+--------+-----+--------+

Top non-repeatable levels by time:
     D:3: 1992 daAuts
    D:11: 1781 daAuts
     D:6: 1685 daAuts
     D:4: 1651 daAuts
     D:7: 1432 daAuts
     D:8: 1320 daAuts
     D:5: 1273 daAuts
     D:1: 1212 daAuts
    D:12: 1002 daAuts
 Ossuary: 947 daAuts
     D:9: 903 daAuts
    D:10: 837 daAuts
     D:2: 540 daAuts
  Temple: 214 daAuts
  Lair:1: 118 daAuts
